 Dungeon Crawl Stone Soup version 0.16-b1 (webtiles) character file.

494 McCoppin the Covert (level 7, 0/40 HPs)
             Began as a Kobold Assassin on Mar 10, 2015.
             Was a Follower of Dithmenos.
             Slain by a hell rat (9 damage)
             ... on level 5 of the Dungeon.
             The game lasted 00:26:06 (5232 turns).

McCoppin the Covert (Kobold Assassin)               Turns: 5232, Time: 00:26:06

Health: 0/40       AC:  7    Str:  9    XL:     7   Next: 38%
Magic:  7/7        EV: 13    Int:  9    God:    Dithmenos [*.....]
Gold:   248        SH:  0    Dex: 20    Spells: 0 memorised, 6 levels left

rFire  . . .     SeeInvis .     a - +2 dagger
rCold  + . .     Clarity  .     t - +0 leather armour
rNeg   . . .     SustAb   .     (no shield)
rPois  .         Gourm    .     (no helmet)
rElec  .         Spirit   .     d - +1 cloak
rCorr  .         Warding  .     v - +0 pair of gloves
rMut   .         Stasis   .     n - +0 pair of boots
MR     .....                    (no amulet)
Stlth  +++++.....               q - ring of protection from cold
                                p - ring of wizardry

@: wreathed by umbra, drained, not resistant to hostile enchantments, quite
stealthy
A: carnivore 3
a: Renounce Religion


You were on level 5 of the Dungeon.
You worshipped Dithmenos.
Dithmenos was aware of your devotion.
You were very full.

You visited 2 branches of the dungeon, and saw 6 of its levels.

You collected 248 gold pieces.

Inventory:

Hand weapons
 a - a +2 dagger (weapon)
 b - a +1 blowgun
Missiles
 j - 57 stones (quivered)
Armour
 c - a +0 robe
 d - a +1 cloak (worn)
 n - a +0 pair of boots (worn)
 t - a +0 leather armour (worn)
 v - a +0 pair of gloves (worn)
Jewellery
 p - a ring of wizardry (left hand)
 q - a ring of protection from cold (right hand)
Scrolls
 i - 3 scrolls of teleportation
 l - 2 scrolls of remove curse
Potions
 k - 3 potions of curing
 o - 2 potions of haste
 r - a potion of lignification
 w - a potion of heal wounds
 x - a potion of cure mutation
 z - a potion of agility
Comestibles
 f - 2 chunks of flesh
 g - 4 meat rations
 m - a beef jerky
 s - a slice of pizza


   Skills:
 - Level 2.1(1.5) Fighting
 - Level 6.0(5.2) Short Blades
 - Level 5.5(4.7) Throwing
 - Level 1.2(0.5) Dodging
 + Level 8.6(7.8) Stealth


You had 6 spell levels left.
You didn't know any spells.

Dungeon Overview and Level Annotations

Branches:
Dungeon (5/15)             Temple (1/1) D:4

Altars:
Ashenzari
Cheibriados
Dithmenos
Elyvilon
Fedhas
Kikubaaqudgha
Makhleb
Okawaru
Ru
Sif Muna
Trog
Vehumet
Xom
Yredelemnul

Shops:
D:5 ***!:


Innate Abilities, Weirdness & Mutations

You are small and have problems with some larger weapons.
You are carnivorous and can eat meat at any time.


Message History

Firing (i - inventory. (,) - cycle):
y - a curare-tipped needle (quivered)
Press: ? - help, Shift-Dir - straight line, f/p - hell rat
Aim: a hell rat (umbra)
You shoot a curare-tipped needle.
The curare-tipped needle hits the hell rat.
The hell rat is poisoned.
The hell rat convulses.
The hell rat seems to slow down.
The hell rat is heavily wounded.
Wield which item (- for none, * to show all)? (? for menu, Esc to quit)
a - a +2 dagger (weapon)
The hell rat bites you!
You feel drained.
* * * LOW HITPOINT WARNING * * *
You hear a shout!
You hit the hell rat but do no damage.
The hell rat is severely wounded.
A goblin comes into view.
You hit the hell rat but do no damage.
The hell rat is almost dead.
The hell rat bites you!
You die...

######### ##
#.......## ....
#........# [r...
.........# .r..
........## ####..
......##.######.#r#
....##.#.##.#..#r#
#.####.##..#.###r#
#...###.#...## #@#
###.# ##....# ##g#
########
#.###.#.#.# ##
#.......
##.##.#.##.#
#.######
#.#.##รท##..# #.#
##.####.#### #.#
### ##.# #.# #.##
#.# ##.# #.#


You could see a hell rat, a river rat, a goblin and a rat.

Vanquished Creatures
  A sky beast (D:5)
  A hound (D:4)
  A giant frog skeleton (D:4)
  A jelly (D:5)
  2 orc wizards
  3 worker ants
  5 adders
  4 river rats (D:5)
  A worm (D:5)
  An adder skeleton (D:5)
  2 giant geckos
  An ooze (D:2)
  6 orcs (D:4)
  11 bats
  6 giant cockroaches
  8 goblins
  3 hobgoblins
  9 jackals
  3 quokkas
  2 ball pythons (D:4)
  9 giant newts
  A goblin zombie (D:5)
  A jackal skeleton (D:4)
  8 kobolds
  31 rats
  A rat zombie (D:5)
122 creatures vanquished.

Notes
Turn   | Place    | Note
--------------------------------------------------------------
     0 | D:1      | McCoppin, the Kobold Assassin, began the quest for the Orb.
     0 | D:1      | Reached XP level 1. HP: 12/12 MP: 1/1
   161 | D:1      | Reached XP level 2. HP: 15/17 MP: 2/2
   550 | D:1      | Reached XP level 3. HP: 21/21 MP: 3/3
  1068 | D:2      | Reached skill level 5 in Short Blades
  1109 | D:2      | Reached XP level 4. HP: 18/26 MP: 4/4
  1938 | D:3      | Found a sacrificial altar of Ru.
  2118 | D:4      | Reached skill level 6 in Short Blades
  2148 | D:4      | Found a sacrificial altar of Ru.
  2258 | D:4      | Reached XP level 5. HP: 23/30 MP: 5/5
  2410 | D:4      | Reached skill level 5 in Throwing
  2715 | D:4      | Found a shimmering altar of Xom.
  2783 | D:4      | Reached XP level 6. HP: 35/35 MP: 6/6
  2844 | D:4      | Found a staircase to the Ecumenical Temple.
  2855 | Temple   | Entered the Ecumenical Temple
  3048 | Temple   | Became a worshipper of Dithmenos the Shadowed
  3752 | D:5      | Entered Level 5 of the Dungeon
  4165 | D:5      | Found Dafur's General Store.
  4166 | D:5      | Found Dumnous' Book Emporium.
  4185 | D:5      | Reached skill level 7 in Stealth
  4206 | D:5      | Found Klali's Distillery.
  4277 | D:5      | Found Wad Enen's General Store.
  4332 | D:5      | Noticed a sky beast
  4363 | D:5      | Killed a sky beast
  4363 | D:5      | Reached skill level 8 in Stealth
  4363 | D:5      | Reached XP level 7. HP: 9/40 MP: 7/7
  4625 | D:5      | Found Thirch's Assorted Antiques.
  5232 | D:5      | Slain by a hell rat

Action                   |  1- 3 |  4- 6 |  7- 9 || total
-------------------------+-------+-------+-------++-------
Melee: Dagger            |    68 |   127 |   137 ||   332
 Fire: Blowgun           |    15 |    60 |     5 ||    80
Throw: Stone             |       |     4 |       ||     4
  Use: Scroll            |     1 |     9 |       ||    10
       Potion            |       |     1 |     3 ||     4
 Stab: Sleeping          |    12 |    20 |     4 ||    36
       Distracted        |       |     1 |       ||     1
  Eat: Chunk             |     8 |     7 |     6 ||    21
